Map: 2000 Atmospheres LE

Players

dva

  • Race: Zerg Zerg
  • League: Diamond

Kureiton - Winner!

  • Race: Terran Terran
  • League: Diamond

VOD

Have the link to the VOD?

Description

Time

  • Played on: May 24, 2021, 7:37 a.m.
  • Length: 15:16
Show
View Real Time Build Order
Export as new Build Order

dva Zerg 

Build Orders: Hatch First 

Get SALT Encoding   

  12  0:00  Drone  
  13  0:12  Overlord  
  13  0:16  Drone  
  14  0:30  Drone  
  14  0:31  Drone  
  16  0:53  Hatchery  
  16  0:55  Drone x2  
  17  0:58  Drone  
  17  1:04  Extractor  
  17  1:15  Spawning Pool  
  17  1:17  Drone  
  17  1:20  Drone  
  18  1:27  Drone  
  19  1:43  Drone  
  20  1:50  Overlord  
  20  2:03  Queen  
  22  2:09  Queen  
  22  2:10  Zergling x4  
  22  2:11  Drone  
  22  2:14  Metabolic Boost  
  27  2:18  Drone  
  28  2:25  Drone  
  28  2:27  Drone  
  30  2:34  Overlord  
  30  2:41  Spore Crawler  
  29  2:49  Drone x3  
  33  3:01  Overlord, Hatchery  
  33  3:04  Drone x2  
  34  3:15  Zergling x2  
  34  3:18  Queen  
  34  3:19  Overlord  
  37  3:24  Drone x2, Roach Warren  
  37  3:26  Drone  
  39  3:30  Drone x2  
  41  3:36  Zergling x2  
  42  3:47  Drone x2  
  44  3:50  Drone  
  44  3:53  Drone  
  46  3:59  Lair, Drone  
  46  4:00  Drone x2  
  49  4:04  Drone x2  
  51  4:11  Extractor  
  51  4:12  Extractor  
  49  4:17  Evolution Chamber  
  49  4:18  Queen, Evolution Chamber  
  49  4:24  Overlord x2  
  49  4:28  Spore Crawler  
  48  4:32  Spore Crawler  
  48  4:33  Roach x2  
  48  4:35  Drone x3  
  54  4:41  Queen  
  56  4:54  Queen  
  56  4:56  Roach x2  
  56  4:59  Drone  
  63  5:01  Queen  
  63  5:02  Drone x2  
  63  5:06  Drone x2  
  69  5:08  Drone  
  69  5:10  Drone  
  69  5:11  Drone  
  72  5:17  Drone x2  
  72  5:18  Overlord  
  74  5:26  Spore Crawler  
  73  5:32  Drone  
  74  5:36  Queen  
  74  5:38  Roach x2  
  74  5:41  Burrow  
  80  5:49  Glial Reconstitution, Spine Crawler x2  
  78  5:51  Overlord x3  
  78  5:52  Zerg Melee Weapons Level 1  
  78  5:54  Zerg Missile Weapons Level 1  
  78  5:58  Extractor  
  78  6:00  Overlord x2  
  77  6:12  Zergling x8  
  77  6:13  Zergling x10  
  86  6:25  Roach x4  
  93  6:50  Roach x9  
  95  6:59  Overlord x2  
  95  7:00  Overlord x2  
  95  7:04  Roach x3  
  95  7:05  Baneling Nest  
  95  7:07  Queen  
  102  7:11  Drone  
  102  7:14  Drone x3  
  106  7:16  Overlord  
  106  7:21  Queen  
  106  7:22  Drone  
  109  7:25  Drone x2  
  111  7:37  Roach  
  111  7:38  Roach x4  
  121  7:46  Drone x3  
  121  7:47  Drone  
  121  7:48  Drone x3  
  121  7:50  Zerg Melee Weapons Level 2  
  128  7:56  Roach x8  
  128  7:57  Tunneling Claws  
  128  8:01  Zerg Missile Weapons Level 2  
  128  8:03  Roach x3  
  128  8:05  Drone  
  135  8:06  Drone x2  
  135  8:08  Drone  
  136  8:18  Roach x5  
  102  8:41  Roach x10  
  110  8:46  Zergling x12  
  116  8:52  Zergling x4  
  108  8:57  Zergling x2  
  98  9:03  Zergling x2  
  98  9:04  Zergling x8  
  86  9:21  Zergling x16  
  92  9:24  Centrifical Hooks  
  92  9:29  Drone  
  92  9:31  Drone  
  94  9:39  Hatchery  
  94  9:42  Hatchery  
  92  9:46  Drone x3  
  92  9:48  Drone  
  96  9:53  Drone  
  96  9:56  Drone  
  98  10:07  Roach x4  
  98  10:08  Drone x6  
  98  10:12  Roach, Extractor  
  98  10:13  Extractor  
  104  10:14  Ravager  
  104  10:15  Ravager x2  
  107  10:22  Roach x3  
  107  10:28  Roach x3  
  109  10:32  Zergling x2  
  109  10:33  Zergling x6  
  107  10:42  Spire  
  106  10:47  Zergling x14  
  113  10:51  Baneling  
  113  10:52  Baneling x4  
  113  10:53  Baneling x3  
  113  10:54  Baneling x2  
  113  11:02  Overlord x3  
  113  11:04  Drone  
  113  11:06  Drone  
  115  11:12  Zergling x8  
  109  11:26  Zergling x8  
  109  11:27  Zergling x12  
  105  11:36  Drone x6  
  110  11:41  Baneling x5  
  110  11:58  Drone x2  
  112  12:03  Roach x4  
  112  12:07  Zergling x2  
  112  12:08  Zergling x10, Baneling x5  
  109  12:11  Hatchery  
  99  12:16  Extractor  
  99  12:17  Extractor  
  94  12:25  Roach x4  
  94  12:26  Roach x2  
  96  12:31  Baneling x4  
  96  12:34  Zergling x6  
  99  12:40  Drone x3  
  102  12:49  Zergling x12  
  108  12:54  Zergling x2  
  108  12:55  Zergling x4  
  110  13:01  Zergling x8  
  106  13:14  Hatchery  
  106  13:15  Zergling x2  
  106  13:16  Zergling x2  
  99  13:25  Zergling x2  
  99  13:26  Zergling x12  
  100  13:29  Baneling x3  
  100  13:31  Zergling x2  
  101  13:37  Zergling x2  
  101  13:38  Zergling x6  
  103  13:47  Zergling x2  
  103  13:48  Zergling x10  
  99  13:56  Zergling x10  
  99  14:00  Zergling x2  
  99  14:01  Zergling x14  
  102  14:24  Drone x2  
  102  14:25  Drone x4  
  102  14:28  Hatchery  
  107  14:40  Baneling x8  
  107  14:41  Zergling x8  
  111  14:55  Zergling x12  
  111  14:56  Zergling x6  
Show
View Real Time Build Order
Export as new Build Order

Kureiton Terran - Winner!

Build Orders: 2 Factory, Hellion Opening, Reaper Expand 

Get SALT Encoding   

  12  0:00  SCV  
  13  0:12  SCV  
  14  0:17  Supply Depot  
  14  0:24  SCV  
  15  0:38  SCV  
  15  0:40  Barracks  
  16  0:43  Refinery  
  16  0:50  SCV  
  17  1:02  SCV  
  18  1:15  SCV  
  19  1:27  Orbital Command, Reaper  
  20  1:41  Command Center  
  20  1:51  Supply Depot  
  20  1:53  SCV  
  21  2:00  Marine  
  22  2:05  SCV  
  23  2:16  Factory  
  23  2:17  SCV, Refinery  
  23  2:22  Barracks Reactor  
  24  2:29  SCV  
  25  2:52  SCV  
  25  2:55  Orbital Command  
  26  3:00  Supply Depot  
  26  3:04  Factory  
  26  3:08  Hellion x2  
  30  3:13  SCV  
  31  3:24  SCV  
  31  3:26  SCV  
  33  3:27  Supply Depot  
  33  3:29  Hellion x2  
  33  3:31  Barracks Tech Lab  
  37  3:36  SCV  
  37  3:38  SCV  
  39  3:48  SCV  
  39  3:51  Factory  
  39  3:53  Hellion x2  
  44  3:56  Supply Depot  
  44  3:58  SCV  
  45  4:03  Cyclone  
  48  4:15  Hellion x2  
  48  4:16  Infernal Pre-Igniter  
  52  4:18  SCV, Supply Depot  
  52  4:20  SCV  
  54  4:24  Barracks Tech Lab  
  54  4:30  SCV  
  54  4:31  Refinery  
  55  4:33  SCV, Refinery  
  55  4:38  Factory  
  56  4:48  Cyclone  
  56  4:49  Hellion  
  61  4:53  SCV x2  
  63  5:05  SCV x2  
  65  5:09  Cyclone  
  65  5:13  Barracks Tech Lab  
  68  5:16  Hellion x2  
  72  5:21  SCV  
  72  5:22  SCV  
  72  5:24  Cyclone  
  77  5:39  Command Center  
  77  5:49  Supply Depot  
  77  5:54  Supply Depot  
  77  6:03  SCV  
  78  6:10  Cyclone x2, Supply Depot  
  78  6:11  Hellion  
  86  6:12  Supply Depot  
  86  6:14  Mag-Field Accelerator  
  86  6:15  SCV  
  87  6:23  Cyclone  
  87  6:24  Hellion  
  92  6:32  Hellion  
  93  6:42  Cyclone x2  
  90  6:58  Cyclone  
  90  6:59  Hellion x2  
  94  7:11  Orbital Command  
  94  7:13  SCV  
  94  7:14  Cyclone x2, SCV  
  102  7:25  SCV  
  102  7:27  SCV  
  104  7:30  Cyclone  
  104  7:33  Command Center  
  107  7:38  SCV  
  107  7:39  SCV  
  109  7:47  Cyclone  
  109  7:50  SCV  
  113  7:51  SCV  
  114  8:02  SCV  
  114  8:04  Orbital Command  
  115  8:06  Cyclone  
  115  8:07  Hellion x2  
  100  8:34  Cyclone x2  
  100  8:35  Hellion x2  
  100  8:40  Cyclone  
  104  8:56  Hellion x2  
  108  9:06  Cyclone  
  108  9:07  Cyclone  
  105  9:12  Cyclone  
  102  9:18  Hellion x2  
  102  9:21  Supply Depot x2  
  102  9:22  Supply Depot  
  102  9:23  Supply Depot  
  97  9:31  SCV x3  
  100  9:39  Cyclone x2, Hellion x2  
  100  9:43  SCV  
  100  9:44  Cyclone  
  114  9:46  Engineering Bay  
  114  9:47  Armory  
  114  9:49  Refinery  
  114  9:50  SCV x2  
  114  9:52  Refinery  
  116  10:01  Hellion x2  
  116  10:04  SCV  
  116  10:05  SCV x2  
  123  10:11  Cyclone x2  
  129  10:16  Cyclone  
  129  10:17  SCV  
  133  10:22  Hellion x2  
  121  10:43  Cyclone, Hellion x3  
  121  10:46  Starport, Neosteel Armor, Terran Ship Weapons Level 1  
  121  10:48  Cyclone  
  133  11:03  Planetary Fortress  
  133  11:04  Cyclone  
  133  11:05  SCV x3, Hellion x2  
  143  11:17  SCV  
  114  11:36  Cyclone x3  
  123  11:42  Hellion x2  
  123  11:45  SCV x2  
  129  11:47  Refinery x2  
  129  11:51  Starport Tech Lab  
  129  11:54  Fusion Core  
  129  11:56  Starport  
  129  11:59  SCV  
  129  12:00  SCV x3  
  133  12:03  Hellion x2  
  133  12:08  Cyclone x3  
  141  12:11  SCV  
  141  12:12  SCV x2  
  141  12:25  Hellion  
  141  12:28  Hellion  
  135  12:30  Raven  
  137  12:40  Cyclone x2  
  137  12:41  Hellion  
  145  12:44  Supply Depot  
  145  12:45  Supply Depot  
  145  12:46  Starport Tech Lab, Hellion  
  145  12:49  Hellion  
  145  12:50  SCV x2  
  151  12:57  Command Center  
  151  13:02  Cyclone  
  141  13:09  Hellion, Supply Depot  
  141  13:10  Supply Depot  
  141  13:12  Cyclone x2  
  149  13:13  Battlecruiser x2  
  158  13:28  Hellion  
  158  13:30  Hellion  
  162  13:34  Cyclone  
  159  13:44  Cyclone x2  
  165  13:49  Hellion  
  165  13:52  Hellion  
  156  14:06  Cyclone  
  159  14:11  Hellion  
  159  14:13  Hellion  
  159  14:16  Cyclone x2  
  169  14:21  Command Center  
  181  14:32  Hellion  
  181  14:35  Hellion  
  188  14:38  Cyclone  
  188  14:49  Hellion  
  191  14:53  Hellion  
Tags
 
Add a new tag
Caveats
  • Supply blocks, unpowered buildings, or Contaminate may cause inaccurate times.
  • Supply counts are checked every 10 seconds.